 Dungeon Sprint DCSS version 0.20.1-1-g8b1a95d (webtiles) character file.

295 potam12345 the Fighter (level 6, -3/62 HPs)
             Began as a Minotaur Fighter on July 8, 2017.
             Was an Initiate of Vehumet.
             Shot with an arrow by a centaur warrior (5 damage)
             ... in the Dungeon (Sprint I: "Red Sonja").
             The game lasted 00:03:42 (339 turns).

potam12345 the Fighter (Minotaur Fighter)            Turns: 339, Time: 00:03:42

Health: -3/62      AC:  8    Str: 22    XL:     6   Next: 11%
Magic:  5/5        EV:  8    Int:  5    God:    Vehumet [......]
Gold:   162        SH: 11    Dex: 10    Spells: 5/5 levels left

rFire    . . .     SeeInvis .   a - +0 rapier
rCold    . . .     Gourm    .   c - +0 shield
rNeg     . . .     Faith    .   b - +0 scale mail
rPois    .         Spirit   .   (helmet restricted)
rElec    .         Reflect  .   (no cloak)
rCorr    .         Harm     .   (no gloves)
MR       .....     NoTele   +   (no boots)
Stlth    ..........             (no amulet)
Regen    0.2/turn               (no ring)
MPRegen  0.1/turn               (no ring)

@: no status effects
A: retaliatory headbutt, horns 2
a: Renounce Religion


You were in the Dungeon.
You worshipped Vehumet.
Vehumet was noncommittal.
You were not hungry.

You visited 1 branch You collected 162 gold pieces.

Inventory:

Hand Weapons
 a - a +0 rapier (weapon)
 l - a cursed -3 dagger
 n - a +0 giant spiked club
Armour
 b - a +0 scale mail (worn)
 c - a +0 shield (worn)
 m - a +0 leather armour
Scrolls
 k - a scroll of blinking
Potions
 d - a potion of might
 e - 2 potions of curing
 g - a potion of heal wounds
 h - a potion of haste
 i - 2 potions of magic
 j - a potion of berserk rage
Comestibles
 f - a bread ration


   Skills:
 + Level 8.8 Fighting
 + Level 6.8 Short Blades
 + Level 8.4 Armour
 + Level 0.2 Dodging
 + Level 8.8 Shields


You had 5 spell levels left.
You didn't know any spells.

Dungeon Overview and Level Annotations

Branches:
Dungeon (1/1)

Altars:
Sif Muna
Vehumet


Innate Abilities, Weirdness & Mutations

You reflexively headbutt those who attack you in melee.
You have a pair of horns on your head.


Message History

You hear a splash.
The centaur warrior wields an uncursed shortbow.
The centaur warrior shoots an arrow.
You block the arrow.
You hear a splash.
You see here 2 arrows.
The centaur warrior shoots an arrow.
You block the arrow.
You hear a splash.
The centaur warrior shoots an arrow.
The arrow barely misses you.
You hear a splash.
You see here 2 arrows.
The centaur warrior shoots an arrow.
You block the arrow.
There is an open door here.
You see here an arrow.
The centaur warrior shoots an arrow.
You block the arrow.
The centaur warrior shoots an arrow.
The arrow barely misses you.
You see here an arrow.
The centaur warrior shoots an arrow.
The arrow hits you!
* * * LOW HITPOINT WARNING * * *
The centaur warrior shoots an arrow.
The arrow hits you.
You die...

################
#<.#..'..#..'..#
#..'..#..').#..+
#..#####'#####'#
### #..# #..#
#(####§§# #.†#
#### ##@#§§≈..#
#†.#
#+#.((c§§§§+
#⌠⌠#
+..._#c§§.§#
####
#_.#+##+####
##+#


You could see 2 centaur warriors.

Vanquished Creatures
  Sigmund (D)
  An ogre (D)
  A jelly (D)
  Ijyb (D)
4 creatures vanquished.

Notes
Turn   | Place    | Note
-------+----------+-------------------------------------------
     0 | D        | potam12345 the Minotaur Fighter began the quest for the Orb.
     0 | D        | Reached XP level 1. HP: 19/19 MP: 0/0
     2 | D        | Noticed Ijyb
    39 | D        | Killed Ijyb
    39 | D        | Reached skill level 5 in Fighting
    39 | D        | Reached skill level 5 in Armour
    39 | D        | Reached skill level 5 in Shields
    39 | D        | Reached XP level 2. HP: 22/29 MP: 1/1
    51 | D        | Noticed an ogre
    70 | D        | Killed an ogre
    70 | D        | Reached XP level 3. HP: 21/38 MP: 2/2
    70 | D        | Reached XP level 4. HP: 25/45 MP: 3/3
    95 | D        | Noticed Sigmund
   102 | D        | Killed Sigmund
   102 | D        | Reached XP level 5. HP: 22/56 MP: 4/4
   102 | D        | Reached XP level 6. HP: 24/62 MP: 5/5
   289 | D        | Found a deep blue altar of Sif Muna.
   291 | D        | Found a radiant altar of Vehumet.
   315 | D        | Became a worshipper of Vehumet
   321 | D        | Noticed a centaur warrior
   322 | D        | Noticed a centaur warrior
   339 | D        | HP: 2/62 [centaur warrior/arrow (12)]
   339 | D        | Shot with an arrow by a centaur warrior

Skill      XL: |  1  2  3  4 |
---------------+-------------+-----
Fighting       | 5 6 8 |  8.8
Short Blades   | 3 4 6 |  6.8
Armour         | 5 6 8 |  8.4
Shields        | 5 7 8 |  8.8
Dodging        | |  0.2

Action                   |  1- 3 |  4- 6 || total
-------------------------+-------+-------++-------
Melee: Rapier            |    36 |    11 ||    47
       Headbutt          |     5 |     7 ||    12
Armor: Scale mail        |     7 |     1 ||     8
Dodge: Dodged            |    12 |     8 ||    20
Block: Shield            |    12 |    12 ||    24
